 Dungeon Crawl Stone Soup version 0.31-a0-263-ge8cad7f256 (webtiles) character file.

Game seed: 12364957959419481285

4095 Newt the Conjurer (level 10, -1/74 HPs)
             Began as a Demonspawn Gladiator on July 13, 2023.
             Slain by an orc warlord
             ... wielding a +4 battleaxe
              (11 damage)
             ... in a bailey.
             The game lasted 00:13:36 (7893 turns).

Newt the Conjurer (Demonspawn Gladiator)            Turns: 7893, Time: 00:13:37

Health: -1/74      AC:  9    Str: 16    XL:     10   Next: 5%
Magic:  9/19       EV: 15    Int: 12    God:
Gold:   209        SH:  0    Dex: 22    Spells: 18/21 levels left

rFire   + + .        u - +9 hammer "Ranyxkyl" {drain, Int+3 Dex+4}
rCold   . . .        (no shield)
rNeg    + . .        b - +0 leather armour
rPois   .            c - +0 helmet
rElec   .            q - scarf {shadows}
rCorr   .            (no gloves)
SInv    +            j - +0 pair of boots
Will    .....        (no amulet)
Stlth   +++++        m - ring "Poru" {rF++ rN+ AC+4 Dex-4 SInv}
HPRegen 0.32/turn    o - ring of wizardry
MPRegen 0.16/turn

%: wizardry (x1)
@: hasted, very quick
A: thin skeletal structure 2, demonic guardian 2, demonic magic 1
a: no special abilities


You were in a bailey.
You visited 2 branches of the dungeon, and saw 8 of its levels.
You also visited: Bailey.

You collected 309 gold pieces.
You spent 100 gold pieces at shops.

Inventory:

Hand Weapons
 a - a +1 rapier of protection
 e - a +2 dagger of venom
 u - the +9 hammer "Ranyxkyl" (weapon) {drain, Int+3 Dex+4}
   (You found it on level 6 of the Dungeon)

   Int:       It affects your intelligence (+3).
   Dex:       It affects your dexterity (+4).
Missiles
 k - 19 boomerangs
 s - a javelin
Armour
 b - a +0 leather armour (worn)
 c - a +0 helmet (worn)
 j - a +0 pair of boots (worn)
 q - a scarf of shadows (worn)
Jewellery
 d - a ring of magical power
 m - the ring "Poru" (left hand) {rF++ rN+ AC+4 Dex-4 SInv}
   (You found it on level 5 of the Dungeon)

   [ring of protection]

   AC:        It affects your AC (+4).
   Dex:       It affects your dexterity (-4).
   rF:        It greatly protects you from fire.
   rN:        It protects you from negative energy.
   SInv:      It lets you see invisible.
 n - a ring of flight
 o - a ring of wizardry (right hand)
Scrolls
 h - 3 scrolls of revelation
 i - a scroll of enchant armour
 l - 5 scrolls of teleportation
 w - a scroll of enchant weapon
Potions
 f - a potion of enlightenment
 g - a potion of mutation
 p - a potion of haste
 r - 2 potions of attraction
 t - a potion of berserk rage {unknown}
 x - 2 potions of cancellation {unknown}
 z - 3 potions of resistance {unknown}
 A - a potion of brilliance {unknown}


   Skills:
 - Level 5.0 Fighting
 - Level 6.0 Short Blades
 + Level 3.3 Maces & Flails
 - Level 1.7 Throwing
 - Level 5.0 Dodging
 - Level 6.0 Stealth
 - Level 6.0 Spellcasting
 - Level 6.0 Conjurations


You had 18 spell levels left.
You knew the following spells:

 Your Spells              Type           Power      Damage    Failure   Level
a - Call Imp              Summ           6%         N/A       13%         2
b - Magic Dart            Conj           72%        1d6       1%          1

Your spell library contained the following spells:

 Spells                   Type           Power      Damage    Failure   Level
 Mephitic Cloud           Conj/Pois/Air  8%         N/A       12%         3
 Cigotuvi's Dreadful Rot  Necr/Pois/Air  6%         N/A       13%         2
 Ignite Poison            Fire/Tmut/Pois 3%         N/A       26%         3
 Tukima's Dance           Hex            3%         N/A       26%         3
 Olgreb's Toxic Radiance  Pois           3%         N/A       61%         4
 Passage of Golubria      Tloc           3%         N/A       61%         4
 Freezing Cloud           Conj/Ice/Air   4%         6-21      69%         5
 Yara's Violent Unravell  Hex/Tmut       1%         3d3       91%         5
 Discord                  Hex            1%         N/A       100%        8
 Ignition                 Fire           1%         3d3       100%        8


Dungeon Overview and Level Annotations

Branches:
Dungeon (7/15)             Temple (1/1) D:6          Bailey (1/1)

Altars:
Ashenzari
Cheibriados
Dithmenos
Gozag
Okawaru
Qazlal
Sif Muna
Uskayaw
Yredelemnul

Shops:
D:1 ?!?(   D:2 ?

Annotations:
D:3 2 transporters, TittyCrusher's ghost, amateur DsFE


Innate Abilities, Weirdness & Mutations

You have a moderately thin skeletal structure. (Dex +4, Stealth++)
A demonic guardian rushes to your aid.
Spells you cast may paralyse adjacent enemies.


Message History

The orc warlord hits your cerulean imp with a +4 battleaxe!!
Your cerulean imp dies!
Your cerulean imp disappears in a puff of smoke!
The orc warlord hits your hellwing with a +4 battleaxe.
Your hellwing hits the orc warlord but does no damage. x2
Aiming: Magic Dart (safe; 1% risk of failure)
Press: ? - help, Q - select action, (/) - cycle Shift-Dir - straight line, f/p - orc warlord
Aim: an orc warlord, wielding a +4 battleaxe and wearing a +0 chain mail (heavily wounded, not watching you, lightly drained, ally target, 100% to hit)
The magic dart hits the orc warlord but does no damage.
The orc warlord is heavily wounded.
Malevolent energies surge around you.
The orc warlord hits you with a +4 battleaxe!!
* * * LOW HITPOINT WARNING * * *
The orc warlord closely misses your hellwing.
Aiming: Magic Dart (safe; 1% risk of failure)
Press: ? - help, Q - select action, (/) - cycle Shift-Dir - straight line, f/p - orc warlord
Aim: an orc warlord, wielding a +4 battleaxe and wearing a +0 chain mail (heavily wounded, lightly drained, ally target, 100% to hit)
The magic dart hits the orc warlord.
The orc warlord is heavily wounded.
Malevolent energies surge around you.
Your hellwing hits the orc warlord.
Your hellwing completely misses the orc warlord.
Aiming: Magic Dart (safe; 1% risk of failure)
Press: ? - help, Q - select action, (/) - cycle Shift-Dir - straight line, f/p - orc warlord
Aim: an orc warlord, wielding a +4 battleaxe and wearing a +0 chain mail (heavily wounded, lightly drained, ally target, 100% to hit)
The magic dart hits the orc warlord.
The orc warlord is heavily wounded.
Malevolent energies surge around you.
The orc warlord hits you with a +4 battleaxe!
* * * LOW HITPOINT WARNING * * *
The orc warlord hits your hellwing with a +4 battleaxe.
Your hellwing hits the orc warlord. Your hellwing hits the orc warlord!
Aiming: Magic Dart (safe; 1% risk of failure)
Press: ? - help, Q - select action, (/) - cycle Shift-Dir - straight line, f/p - orc warlord
Aim: an orc warlord, wielding a +4 battleaxe and wearing a +0 chain mail (severely wounded, not watching you, lightly drained, ally target, 100% to hit)
The magic dart hits the orc warlord.
The orc warlord is severely wounded.
Malevolent energies surge around you.
The orc warlord hits you with a +4 battleaxe!
You die...

♣≈≈##.........#~~~~~#...8..8..##
♣≈≈#..........#~~~~~#...)......#
♣≈≈#..8))8....'.....).)))......#
♣≈≈#..÷.....#########......8...#
♣≈≈##......##~~~#~~~####......##
♣...##.....#~|.....~#~~#.....##
♣....##....#~!........~#....##
♣.....#....##8.8...8.8~##...#
......'...†)#...@.....~~'...#
∩.∩...'.....#..4o∩....~~'...#
......'.....#.........~~'...#
♣.....#....##8.8...8.8)##...#
♣....##....#~!........~#.†).##
♣...##.....#~|.....~#~~#.....##
♣≈≈##......##~~~#~~~####......##
♣≈≈#........#########......8...#
♣≈≈#..8..8....'..)..'..).......#


You could see an orc warlord (drained, ally target) and a friendly hellwing
(summoned).

Vanquished Creatures
  A two-headed ogre (D:5)
  2 steam dragons (D:6)
  A water moccasin (D:6)
  2 ice beasts
  5 orc warriors (Bailey)
  A black bear (D:3)
  2 sky beasts
  2 ogres (D:6)
  The ghost of spiderkeys the Ducker, an amateur DsGl (D:4)
  A centaur (D:5)
  A phantom (D:6)
  A kobold brigand (D:4)
  2 bullfrogs (D:6)
  A scorpion (D:5)
  2 gnoll boudas (D:5)
  2 orc priests
  7 hounds
  Crazy Yiuf (D:6)
  4 iguanas
  6 orc wizards
  16 gnolls
  7 adders
  A shadow imp (D:3)
  A white imp (D:6)
  2 worms (D:2)
  20 orcs
  6 endoplasms
  5 giant cockroaches
  10 goblins
  9 hobgoblins
  2 jackals (D:4)
  2 quokkas
  7 ball pythons
  7 bats
  8 frilled lizards
  16 kobolds
  3 rats
167 creatures vanquished.

Vanquished Creatures (collateral kills)
  Maggie (D:6)
  Edmund (D:6)
  A sky beast (D:4)
  A gnoll bouda (D:3)
  An orc wizard (D:5)
  5 gnolls
  2 adders (D:3)
  A worm (D:2)
  2 orcs
  A quokka (D:3)
  2 frilled lizards (D:1)
  A kobold (D:2)
19 creatures vanquished.

Grand Total: 186 creatures vanquished

Notes
Turn   | Place    | Note
-------+----------+-------------------------------------------
     0 | D:1      | Newt the Demonspawn Gladiator began the quest for the Orb.
     0 | D:1      | Reached XP level 1. HP: 16/16 MP: 1/1
    25 | D:1      | Found a faded altar of an unknown god.
   345 | D:1      | Found Vavagobb's Magic Scroll Shop.
   360 | D:1      | Gained mutation: A weak demonic guardian rushes to your
                  | aid. [demonic ancestry]
   360 | D:1      | Reached XP level 2. HP: 16/23 MP: 2/2
   521 | D:1      | Found Askorausm's Weapon Shoppe.
   609 | D:1      | Found Xeumny's Distillery.
   747 | D:1      | Found Wiot's Magic Scroll Shoppe.
   750 | D:1      | Bought a scroll of identify for 24 gold pieces
   750 | D:1      | Bought a scroll of identify for 24 gold pieces
  1023 | D:2      | Reached XP level 3. HP: 27/29 MP: 3/3
  1352 | D:2      | Found Nyiciub's Magic Scroll Shoppe.
  1360 | D:2      | Bought a scroll of identify for 26 gold pieces
  1360 | D:2      | Bought a scroll of identify for 26 gold pieces
  1831 | D:3      | Learned a level 2 spell: Call Imp
  1888 | D:3      | Reached XP level 4. HP: 25/38 MP: 4/4
  2108 | D:3      | Reached skill level 5 in Fighting
  2108 | D:3      | Reached skill level 1 in Stealth
  2109 | D:3      | HP: 1/39 [gnoll/+0 flail[a gnoll bouda] (6)]
  2112 | D:3      | Gained mutation: Spells you cast may paralyse adjacent
                  | enemies. [demonic ancestry]
  2112 | D:3      | Reached XP level 5. HP: 39/44 MP: 2/5
  2153 | D:3      | Noticed TittyCrusher's ghost (amateur DsFE)
  2156 | D:3      | Found a transporter.
  2158 | D:3      | Noticed an ogre
  2160 | D:3      | Found a transporter.
  2669 | D:4      | Noticed a black bear
  2699 | D:3      | Killed a black bear
  2700 | D:3      | Reached skill level 1 in Spellcasting
  2700 | D:3      | Gained mutation: You have a somewhat thin skeletal
                  | structure. (Dex +2, Stealth+) [demonic ancestry]
  2700 | D:3      | Reached XP level 6. HP: 29/51 MP: 3/8
  3215 | D:4      | Learned a level 1 spell: Magic Dart
  3275 | D:4      | Found a hide-covered altar of Uskayaw.
  3933 | D:4      | Noticed a sky beast
  3950 | D:4      | Killed a sky beast
  3951 | D:4      | Reached skill level 1 in Conjurations
  3951 | D:4      | Gained mutation: You have a moderately thin skeletal
                  | structure. (Dex +4, Stealth++) [demonic ancestry]
  3951 | D:4      | Reached XP level 7. HP: 36/56 MP: 8/13
  4041 | D:4      | Found a runed translucent door.
  4093 | D:4      | Noticed spiderkeys's ghost (amateur DsGl)
  4144 | D:4      | Killed spiderkeys's ghost
  4346 | D:5      | Entered Level 5 of the Dungeon
  4877 | D:5      | Identified the ring "Poru" {rF++ rN+ AC+4 Dex-4 SInv}
  4911 | D:5      | Reached skill level 5 in Conjurations
  4923 | D:5      | Gained mutation: A demonic guardian rushes to your aid.
                  | [demonic ancestry]
  4923 | D:5      | Reached XP level 8. HP: 37/62 MP: 7/14
  4931 | D:5      | Noticed a two-headed ogre
  5202 | D:5      | Killed a two-headed ogre
  5203 | D:5      | Reached skill level 5 in Short Blades
  5272 | D:5      | Found an iron altar of Okawaru.
  5891 | D:6      | Reached XP level 9. HP: 68/68 MP: 15/15
  5895 | D:6      | Reached skill level 5 in Stealth
  5915 | D:6      | Found a shimmering blue altar of Sif Muna.
  6219 | D:6      | Found a broken altar of Ashenzari.
  6262 | D:6      | Found a staircase to the Ecumenical Temple.
  6378 | Temple   | Entered the Ecumenical Temple
  6749 | D:6      | Reached skill level 5 in Spellcasting
  6771 | D:6      | Noticed Maggie
  6782 | D:6      | Noticed Edmund
  6784 | D:6      | Killed Maggie
  6791 | D:6      | Killed Edmund
  7146 | D:6      | Found a runed translucent door.
  7147 | D:6      | Noticed Crazy Yiuf
  7154 | D:6      | Killed Crazy Yiuf
  7156 | D:6      | Identified the +9 hammer "Ranyxkyl" {drain, Int+3 Dex+4}
  7297 | D:6      | Reached skill level 5 in Dodging
  7389 | D:7      | Found a flagged portal.
  7396 | D:7      | Reached skill level 1 in Maces & Flails
  7404 | Bailey   | Entered a bailey
  7410 | Bailey   | Noticed an orc warlord
  7500 | Bailey   | Reached XP level 10. HP: 42/74 MP: 15/19
  7658 | Bailey   | Found a runed translucent gate.
  7660 | Bailey   | Found a runed translucent gate.
  7661 | Bailey   | Found a runed translucent gate.
  7893 | Bailey   | Slain by an orc warlord

Illustrated notes

Levels and vault maps discovered:
D:1:      dpeg_arrival_orchard, layout_rooms,
          shapermc_ecumenical_altar_starsandcircs, serial_shops,
          nicolae_shop_real_fake_doors, shop, nicolae_shop_bloodbath_and_beyond,
          shop, ebering_dispersal_statue_hall, serial_bayou_pond_e,
          chequers_serial_rivers_micro_b, minmay_lizard_king
D:2:      layout_basic, serial_shops, shop_fountains,
          chequers_serial_rivers_small_a
D:3:      layout_loops_ring, gammafunk_ghost_smash, nicolae_grassy_gnolls
D:4:      layout_loops_ring, kennysheep_mini, ebering_ghost_sewer_d
D:5:      layout_basic, okawaru_ov_weapons_minmay, pf_just_have_faith
D:6:      layout_basic, lemuel_doored_altar, kennysheep_little_box,
          temple_pool_b, serial_glass, glass_columns_c, glass_columns_c,
          kennysheep_doodads, st_stairs_8, uniq_crazy_yiuf_cottage, uniq_edmund,
          uniq_maggie
D:7:      layout_basic, nicolae_ru_awakened_eye, marbit_many_paths,
          enter_bailey_3, serial_shops, nicolae_shop_tiny_waterfront
Temple:   nicolae_temple_two_arcs
Bailey:   bailey_axe_bossmonster_kennysheep, bailey

Skill      XL: |  1  2  3  4  5  6  7  8  9 10 |
---------------+-------------------------------+-----
Fighting       | 3 4 5 |  5.0
Stealth        | 1 3 4 6 |  6.0
Short Blades   | 3 6 |  6.0
Spellcasting   | 1 4 6 |  6.0
Conjurations   | 1 5 6 |  6.0
Dodging        | 5 |  5.0
Maces & Flails | 2 3 |  3.3
Throwing       | |  1.7

Action                     |  1- 3 |  4- 6 |  7- 9 | 10-12 || total
---------------------------+-------+-------+-------+-------++-------
  Melee: Rapier            |   168 |   132 |    30 |       ||   330
         Punch             |     2 |       |     4 |       ||     6
         Dagger            |       |       |   110 |       ||   110
         Mace              |       |       |    44 |    29 ||    73
  Throw: Throwing net      |     1 |     2 |       |       ||     3
         Boomerang         |       |     1 |       |       ||     1
         Javelin           |       |       |     2 |       ||     2
   Cast: Call Imp          |       |     8 |     2 |     1 ||    11
         Magic Dart        |       |     5 |    81 |    12 ||    98
    Use: Scroll            |    10 |     3 |     3 |     2 ||    18
         Potion            |       |     2 |     3 |     1 ||     6
   Stab: Paralysed         |       |     8 |    44 |     7 ||    59
         Invisible         |       |     1 |       |       ||     1
         Sleeping          |       |     8 |    16 |       ||    24
         Distracted        |       |       |     2 |       ||     2
 Armour: Leather armour    |    67 |    33 |    75 |     5 ||   180
  Dodge: Dodged            |   138 |   110 |   169 |    20 ||   437

Table legend: (Time is in decaauts)
 A = Elapsed time spent in this place.
 B = Non-inter-level travel time spent in this place.
 C = Inter-level travel time spent in this place.
 D = Time resting spent in this place.
 E = Time spent auto-exploring this place.
 F = Levels seen in this place.
 G = Mean time per level.
                   A        B        C        D        E       F      G
               +--------+--------+--------+--------+--------+-----+--------+
         Total |   7907 |   7680 |    227 |   2727 |   3519 |   9 |  878.6 |
       Dungeon |   7253 |   7035 |    218 |   2623 |   3161 |   7 | 1036.1 |
        Temple |    148 |    140 |      8 |      0 |    134 |   1 |  148.0 |
        Bailey |    505 |    505 |      0 |    104 |    223 |   1 |  505.0 |
               +--------+--------+--------+--------+--------+-----+--------+

Top non-repeatable levels by time:
     D:6: 1610 daAuts
     D:3: 1311 daAuts
     D:4: 1276 daAuts
     D:5: 1256 daAuts
     D:1: 937 daAuts
     D:2: 842 daAuts
  Bailey: 505 daAuts
  Temple: 148 daAuts
     D:7: 19 daAuts
